 Dungeon Crawl Stone Soup version 0.29.1-13-g9f3cf754e1 (webtiles) character file.

Game seed: 792660474097271401

626382 DildoBatman the Petrodigitator (level 27, 0/155 (157) HPs)
             Began as a Formicid Conjurer on Jan 22, 2023.
             Was an Initiate of Gozag.
             Slain by an Executioner (3 damage)
             ... on level 16 of a ziggurat.
             The game lasted 04:15:10 (57022 turns).

DildoBatman the Petrodigitator (Formicid Conjurer) Turns: 57022, Time: 04:15:10

HP:   0/155 (157)   AC: 19    Str: 14 (18) XL:     27
MP:   45/45         EV: 20    Int: 18 (25) God:    Gozag
Gold: 29232         SH: 25    Dex: 30 (33) Spells: 7/62 levels left

rFire   + + .      SeeInvis +   b - +10 great mace of Jocular Valiance {protect, Dex+8}
rCold   . . .      Faith    .   K - +1 tower shield {rN+}
rNeg    + . .      Spirit   .   o - +4 troll leather armour {Snorg}
rPois   +          Reflect  .   (helmet unavailable)
rElec   +          Harm     .   n - +2 cloak of the True Pharaoh {rElec rPois}
rCorr   .          Rampage  .   i - +2 pair of gloves {Stlth+}
Will    +....                   w - +2 pair of boots {Stlth+}
Stlth   ++++++++..              m - amulet of magic regeneration
HPRegen 1.15/turn               F - +6 ring of intelligence
MPRegen 0.69/turn               z - ring of Venun {rPois rF++ Dex+4 SInv}

@: weak-willed, gold aura, studying 3 skills, silenced, lightly drained, unable
to drink
A: permanent stasis, dig shafts and tunnels, antennae 3, four strong arms,
strong 1, [deformed body], [deterioration 2], [frail 2], [inability to drink
after injury 2], [inability to read after injury 2]
}: 4/15 runes: decaying, serpentine, silver, golden
a: Dig, Shaft Self, Renounce Religion


You were on level 16 of a ziggurat.
You worshipped Gozag.
Gozag was extremely pleased with you.
You visited 10 branches of the dungeon, and saw 45 of its levels.
You visited the Abyss 1 time.
You visited 1 ziggurat, and saw 16 of its levels.
You also visited: Bailey, Ice Cave, Volcano and Wizlab.

You collected 33913 gold pieces.
You spent 1833 gold pieces at shops.
You paid 2848 gold pieces to Gozag.

Inventory:

Hand Weapons
 a - the +12 flail "Tienwusch" {vorpal, rC- Int+7}
   (You found it on level 3 of the Tomb of the Ancients)

   It inflicts extra damage upon your enemies.
   Int:       It affects your intelligence (+7).
   rC:        It makes you vulnerable to cold.
 b - the +10 great mace of Jocular Valiance (weapon) {protect, Dex+8}
   (You found it on level 4 of a ziggurat)

   It grants its wielder temporary protection when it strikes (+7 to AC).
   Dex:       It affects your dexterity (+8).
 e - the +9 war axe of Punishment {flame, rF++}
   (You found it on level 3 of the Tomb of the Ancients)

   It burns those it strikes, dealing additional fire damage.
   Big, fiery blades are also staple armaments of hydra-hunters.
   rF:        It greatly protects you from fire.
 P - the +12 hand axe "Killer Klown's Bane" {vamp, rElec rC+ rN+ Will+ rCorr}
   (You found it on level 13 of a ziggurat)

   It occasionally heals its wielder for a portion of the damage dealt when it
   wounds a living foe.
   rC:        It protects you from cold.
   rElec:     It insulates you from electricity.
   rN:        It protects you from negative energy.
   rCorr:     It protects you from acid and corrosion.
   Will:      It increases your willpower.
Missiles
 h - 6 throwing nets (quivered)
 R - 28 javelins
Armour
 i - a +2 pair of gloves of stealth (worn)
 n - the +2 cloak of the True Pharaoh (worn) {rElec rPois}
   (You found it on level 2 of the Elven Halls)

   rElec:     It insulates you from electricity.
   rPois:     It protects you from poison.
 o - a +4 troll leather armour (worn) {Snorg}
 w - a +2 pair of boots of stealth (worn)
 K - a +1 tower shield of positive energy (worn)
Jewellery
 m - an amulet of magic regeneration (around neck)
 v - a +6 ring of intelligence
 z - the ring of Venun (right hand) {rPois rF++ Dex+4 SInv}
   (You found it on level 11 of a ziggurat)

   [ring of poison resistance]

   Dex:       It affects your dexterity (+4).
   rF:        It greatly protects you from fire.
   rPois:     It protects you from poison.
   SInv:      It lets you see invisible.
 B - a +4 ring of protection
 F - a +6 ring of intelligence (left hand)
 M - the ring "Vyagaf" {Wiz rC+ Str+3}
   (You found it on level 2 of the Crypt)

   [ring of wizardry]

   It improves your spell success rate.
   Str:       It affects your strength (+3).
   rC:        It protects you from cold.
Wands
 G - a wand of roots (48)
 Q - a wand of light (24)
Scrolls
 j - 7 scrolls of fear
 k - 9 scrolls of amnesia
 l - 14 scrolls of poison
 t - 15 scrolls of butterflies
 A - 2 scrolls of enchant armour
 C - 2 scrolls of magic mapping
 O - 4 scrolls of summoning
 S - 5 scrolls of torment
 T - 7 scrolls of immolation
Potions
 f - 7 potions of magic
 g - 19 potions of heal wounds
 p - 6 potions of invisibility
 s - 11 potions of brilliance
 u - 11 potions of ambrosia
 x - 27 potions of curing
 H - 6 potions of cancellation
 I - 9 potions of resistance
 N - 9 potions of might
 U - 2 potions of mutation
Miscellaneous
 q - a phial of floods
 r - a phantom mirror
 D - a condenser vane (inert)
 J - a lightning rod (4/4)
 L - a box of beasts


   Skills:
 - Level 12.0 Fighting
 - Level 2.0 Ranged Weapons
 - Level 15.0 Armour
 - Level 9.0 Dodging
 - Level 12.0 Stealth
 - Level 16.0 Shields
 - Level 18.0 Spellcasting
 - Level 6.0 Conjurations
 - Level 22.0 Necromancy
 - Level 22.0 Transmutations
 * Level 14.6 Ice Magic
 O Level 27 Earth Magic


You had 7 spell levels left.
You knew the following spells:

 Your Spells              Type           Power      Damage    Failure   Level
a - Borgnjor's Vile Clut  Necr/Erth      40%        N/A       0%          5
b - Shatter               Erth           42%        3d33*     16%         9
c - Dispel Undead         Necr           77%        3d25      0%          4
d - Necromutation         Tmut/Necr      38%        N/A       8%          8
e - Iron Shot             Conj/Erth      33%        9d7       1%          6
g - Ozocubu's Armour      Ice            62%        N/A       1%          3
h - Death's Door          Necr           38%        N/A       77%         9
i - Polar Vortex          Ice            31%        N/A       100%        9
z - Sublimation of Blood  Necr           77%        N/A       0%          2

Your spell library contained the following spells:

 Spells                   Type           Power      Damage    Failure   Level
 Necrotise                Necr           100%       1d9       0%          1
 Sandblast                Erth           100%       2d20      0%          1
 Passwall                 Tmut/Erth      67%        N/A       0%          2
 Wereblood                Tmut           77%        N/A       0%          2
 Vampiric Draining        Necr           77%        2d11      0%          3
 Lee's Rapid Deconstruct  Erth           42%        3d22*     0%          5
 Freeze                   Ice            100%       1d11      1%          1
 Magic Dart               Conj           100%       1d8       1%          1
 Sting                    Tmut/Pois      100%       1d8       1%          1
 Ensorcelled Hibernation  Hex/Ice        84%        N/A       1%          2
 Searing Ray              Conj           74%        2d7       1%          2
 Frozen Ramparts          Ice            100%       1d16      1%          3
 Ignite Poison            Fire/Tmut/Pois 42%        N/A       1%          3
 Spider Form              Tmut/Pois      54%        N/A       1%          3
 Stone Arrow              Conj/Erth      100%       3d13      1%          3
 Anguish                  Hex/Necr       27%        N/A       1%          4
 Animate Armour           Summ/Erth      100%       N/A       1%          4
 Hailstorm                Conj/Ice       52%        3d12      1%          4
 Ice Form                 Ice/Tmut       70%        N/A       1%          4
 Leda's Liquefaction      Hex/Erth       29%        N/A       1%          4
 Agony                    Necr           77%        N/A       1%          5
 Blade Hands              Tmut           38%        N/A       1%          5
 Irradiate                Conj/Tmut      30%        3d21      1%          5
 Death Channel            Necr           38%        N/A       1%          6
 Statue Form              Tmut/Erth      54%        N/A       1%          6
 Dragon Form              Tmut           38%        N/A       1%          7
 Shock                    Conj/Air       100%       1d9       3%          1
 Yara's Violent Unravell  Hex/Tmut       27%        3d12      3%          5
 Summon Ice Beast         Ice/Summ       42%        N/A       4%          4
 Conjure Flame            Conj/Fire      27%        6-21      9%          3
 Dazzling Flash           Conj/Hex       54%        N/A       9%          3
 Apportation              Tloc           32%        N/A       10%         1
 Slow                     Hex            64%        N/A       10%         1
 Summon Small Mammal      Summ           64%        N/A       10%         1
 Metabolic Englaciation   Hex/Ice        21%        N/A       14%         5
 Poisonous Vapours        Pois/Air       32%        N/A       16%         2
 Scorch                   Fire           32%        2d7       16%         2
 Freezing Cloud           Conj/Ice/Air   20%        6-21      17%         5
 Ozocubu's Refrigeration  Ice            31%        4d14      22%         7
 Iskenderun's Battlesphe  Conj           37%        2d9       24%         5
 Flame Wave               Conj/Fire      27%        2d9       28%         4
 Fulminant Prism          Conj/Hex       13%        3d9       28%         4
 Iskenderun's Mystic Bla  Conj/Tloc      27%        2d7       28%         4
 Sticky Flame             Conj/Fire      27%        2d5       28%         4
 Call Canine Familiar     Summ           16%        N/A       30%         3
 Confusing Touch          Hex            16%        N/A       30%         3
 Gell's Gravitas          Tloc           16%        N/A       30%         3
 Inner Flame              Hex/Fire       16%        N/A       30%         3
 Lesser Beckoning         Tloc           16%        N/A       30%         3
 Portal Projectile        Hex/Tloc       32%        N/A       30%         3
 Summon Guardian Golem    Hex/Summ       16%        N/A       30%         3
 Teleport Other           Tloc           16%        N/A       30%         3
 Haunt                    Necr/Summ      27%        N/A       67%         7
 Storm Form               Tmut/Air       27%        N/A       67%         7
 Airstrike                Air            8%         2d(2-18)  69%         4
 Cause Fear               Hex            8%         N/A       69%         4
 Olgreb's Toxic Radiance  Pois           16%        N/A       69%         4
 Summon Lightning Spire   Summ/Air       16%        N/A       69%         4
 Manifold Assault         Tloc           16%        N/A       95%         5
 Conjure Ball Lightning   Conj/Air       13%        3x3d6     99%         6
 Starburst                Conj/Fire      13%        6d6       99%         6
 Dispersal                Tloc           8%         N/A       100%        6
 Summon Cactus Giant      Summ           8%         N/A       100%        6
 Enfeeble                 Hex            8%         N/A       100%        7
 Spellforged Servitor     Conj/Summ      13%        N/A       100%        7
 Summon Hydra             Summ           8%         N/A       100%        7
 Borgnjor's Revivificati  Necr           38%        N/A       8%          8
 Infestation              Necr           38%        N/A       8%          8
 Lehudib's Crystal Spear  Conj/Erth      33%        10d8      58%         8
 Discord                  Hex            8%         N/A       100%        8
 Disjunction              Tloc           8%         N/A       100%        8
 Ignition                 Fire           8%         3d5       100%        8
 Maxwell's Capacitive Co  Air            8%         ∞         100%        8
 Chain Lightning          Conj/Air       13%        3d18      100%        9
 Dragon's Call            Summ           8%         N/A       100%        9
 Fire Storm               Conj/Fire      13%        8d4       100%        9
 Animate Dead             Necr           Unusable   N/A       N/A         4
 Simulacrum               Ice/Necr       Unusable   N/A       N/A         6
 Corpse Rot               Necr/Pois/Air  Unusable   N/A       N/A         4
 Blink                    Tloc           Unusable   N/A       N/A         2
 Swiftness                Air            Unusable   N/A       N/A         3

Dungeon Overview and Level Annotations

Branches:
Dungeon (15/15)            Temple (1/1) D:4            Lair (5/5) D:8
  Swamp (4/4) Lair:2        Snake (4/4) Lair:3        Slime (0/5) Lair:5
    Orc (2/2) D:10            Elf (3/3) Orc:2        Vaults (5/5) D:13
  Crypt (3/3) Vaults:2       Tomb (3/3) Crypt:3      Depths (0/4) D:15
 Bailey (visited)           IceCv (visited)         Volcano (visited)
 WizLab (visited)

Altars:
Ashenzari
Cheibriados
Dithmenos
Elyvilon
Fedhas
Gozag
Hepliaklqana
Kikubaaqudgha
Makhleb
Nemelex Xobeh
Okawaru
Qazlal
Ru
Sif Muna
Trog
Uskayaw
Vehumet
Wu Jian
Xom
Yredelemnul
Zin
The Shining One

Shops:
D:14 [   Orc:2 ?[[***   Elf:1 ?:(*   Vaults:4 =


Innate Abilities, Weirdness & Mutations

You cannot be hasted, slowed, berserked, paralysed or teleported.
You can dig through walls and to a lower floor.
You have a pair of large antennae on your head. (SInv)
Your four strong arms can wield two-handed weapons with a shield.
Your muscles are strong. (Str +4, Int/Dex -1)
[Armour fits poorly on your strangely shaped body.]
[Your body often deteriorates upon taking damage.]
[You are very frail. (-20% HP)]
[You sometimes lose the ability to drink potions when taking damage.]
[You sometimes lose the ability to read scrolls when taking damage.]


Message History

The Executioner barely misses you.
The Executioner hits you but does no damage.
The brown very ugly thing is engulfed in freezing vapours.
The wretched star is engulfed in freezing vapours.
The cyan very ugly thing is engulfed in freezing vapours.
The worldbinder is engulfed in freezing vapours.
The starspawn tentacle is engulfed in freezing vapours.
You destroy the starspawn tentacle!
You feel much better.
The wretched star is no longer distracted by gold.
You block the Executioner's attack.
The Executioner hits you but does no damage. x2
The spatial vortex is engulfed in freezing vapours.
The spatial vortex dissipates!
You block the Executioner's attack.
The Executioner hits you but does no damage.
You block the Executioner's attack.
The starcursed mass is engulfed in freezing vapours.
The starcursed mass shudders and withdraws towards its neighbour.
The silent spectre barely misses you.
The cyan very ugly thing is engulfed in freezing vapours.
The cacodemon gestures at you. The bolt of energy hits you!!!
You feel threatened and lose the ability to drink potions!
Your body deteriorates!
You feel dopey.
The wretched star is engulfed in freezing vapours.
The wretched star pulses with an eldritch light!
Your body twists and deforms.
You occasionally lose the ability to read scrolls when taking damage.
You lose the ability to read scrolls when taking damage more often.
The wretched star is engulfed in freezing vapours.
The worldbinder is engulfed in freezing vapours.
You destroy the worldbinder!
The cyan very ugly thing disappears in a puff of smoke! x2
The brown very ugly thing disappears in a puff of smoke!
The Executioner closely misses you. The Executioner hits you.
You die...
Your body crumbles into a pile of gold.

▓▓ ▓▓▓▓.▓▓▓▓▓▓▓
...........▓▓▓▓
.........§§§..▓▓
.......@19§§§..▓▓▓
..§§☼.W2*.§§§○§..▓▓
..°☼§..*v§§☼§☼☼...▓▓
##§○§§§§§○§§*☼§....▓
p#..☼§☼§○☼°*§§§....▓▓
##...§○#§§§○§§°.....▓
....○§§○°☼☼☼§§X.....▓
$
...X☼§§§§☼§.§○○.....▓▓
............(....∩..▓


You could see a starcursed mass (wandering), a cacodemon (unsilenced), a
tentacled starspawn (unsilenced, unaware), a spatial maelstrom, 4 wretched
stars, an Executioner (fast, unsilenced), a nargun (unsilenced, unaware), an
ironbound convoker (asleep) and a silent spectre (silencing).

Vanquished Creatures
  An ancient lich (Vaults:4)
  28 royal mummies
  Vashnia (Snake:4)
  Margery (Vaults:5)
  The ghost of Woadakig the Executioner, a veteran FoFi of Dithmenos (Crypt:2)
  The ghost of Ciwiv the Executioner, a veteran FoFi of Dithmenos (Crypt:2)
  2 caustic shrikes
  Saint Roka (Elf:3)
  4 golden dragons
  Nikola (Swamp:1)
  A profane servitor (Crypt:3)
  A bone dragon (Zig:15)
  Mlioglotl (Snake:1)
  7 Hell Sentinels
  A shard shrike zombie (Crypt:3)
  A walking crystal tome (WizLab)
  5 iron giants
  3 deep elf blademasters
  Asterion (Elf:3)
  8 liches
  A walking divine tome (WizLab)
  6 titans
  A tentacled starspawn (Zig:16)
  4 quicksilver dragons
  A deep elf master archer (Elf:3)
  Frances (Elf:1)
  6 sphinxes
  5 acid blobs (Zig:11)
  14 ancient champions
  3 tengu reavers
  2 strange machines (WizLab)
  5 shadow dragons
  A thorn hunter (Swamp:4)
  4 storm dragons
  Agnes (D:14)
  2 rockslimes (Zig:11)
  A draconian monk (Zig:8)
  13 nagarajas
  6 revenants
  A fire giant (Vaults:1)
  A draconian knight (Zig:8)
  2 caustic shrike zombies
  5 frost giants
  10 deep elf sorcerers
  A ghost moth (Zig:13)
  21 vault wardens
  9 quicksilver elementals
  5 deep elf elementalists (Elf:3)
  4 orc warlords
  15 ghouls
  A draconian shifter (Zig:8)
  A juggernaut zombie (Crypt:3)
  26 ironbound preservers
  2 draconian stormcallers (Zig:8)
  A draconian annihilator (Zig:8)
  6 curse skulls
  15 war gargoyles
  7 very ugly things
  The ghost of Henri the Imperceptible, an adept VSEn of Wu Jian (Snake:4)
  2 reapers
  An eleionoma (Swamp:4)
  6 stone giants
  8 ironbound thunderhulks
  7 vampire knights
  A demonspawn black sun (Zig:13)
  10 bennus
  A white draconian (Zig:8)
  8 deep elf annihilators
  A lorocyproca (Abyss:2)
  A red draconian (Zig:8)
  A deep elf demonologist (Elf:1)
  4 bunyips
  A purple draconian (Zig:8)
  Azrael (Snake:1)
  2 entropy weavers
  12 dire elephants
  A crystal guardian (Vaults:2)
  9 deep elf death magi
  Snorg (Orc:1)
  7 eidola
  5 iron golems
  A merfolk javelineer (Zig:12)
  2 merfolk impalers (Zig:12)
  Josephine (Orc:1)
  5 ettins
  2 deep elf high priests (Elf:3)
  14 yaktaur captains
  A quicksilver dragon zombie (Crypt:3)
  29 mummy priests
  11 great orbs of eyes
  4 spriggan zombies
  32 vault guards
  2 shambling mangroves
  13 jiangshi
  An elf skeleton (Tomb:2)
  An ice dragon (Zig:6)
  23 hydras
  A quicksilver dragon skeleton (Tomb:2)
  4 catoblepae
  The ghost of Xazxec the Thaumaturge, a journeyman DECj of Sif Muna (Lair:3)
  9 boulder beetles
  6 salamander tyrants
  Erica (Orc:1)
  A spriggan skeleton (Crypt:3)
  A peacekeeper (Vaults:2)
  10 rakshasas
  2 ogre magi (Orc:2)
  7 ironbound frosthearts
  An alligator snapping turtle (shapeshifter) (Vaults:5)
  A merfolk avatar (Zig:12)
  30 anacondas
  An alligator snapping turtle (Zig:12)
  2 ghost crabs
  15 two-headed ogres
  A bennu zombie (Crypt:2)
  The ghost of Zippel the Covert, a journeyman SpAr of Sif Muna (Orc:2)
  37 dancing weapons
  11 centaur warriors
  A merfolk aquamancer (Zig:12)
  14 naga warriors
  4 death knights
  16 alligators
  An orc high priest (Zig:10)
  91 death scarabs
  Urug (D:12)
  10 death yaks
  9 vampire magi
  2 tengu warriors
  14 naga sharpshooters
  10 shock serpents
  2 thrashing horrors
  A spriggan berserker (Swamp:4)
  A storm dragon zombie (Tomb:3)
  A deep troll earth mage (Vaults:4)
  2 soul eaters (Crypt:3)
  A titan zombie (Vaults:4)
  2 emperor scorpion zombies
  16 deep elf knights
  7 large abominations
  4 crystal echidnas
  6 hell knights (Vaults:5)
  A storm dragon skeleton (Crypt:3)
  9 salamander mystics
  40 skeletal warriors
  3 shadow wraiths
  2 iron trolls (Zig:10)
  5 goliath frogs
  5 sea snakes
  59 deep trolls
  5 spriggan druids
  10 naga ritualists
  3 glowing orange brains
  13 swamp dragons
  11 bog bodies
  A swamp dragon (shapeshifter) (Vaults:4)
  2 death drakes (Zig:6)
  11 deep elf archers
  An iron giant skeleton (Crypt:1)
  10 flayed ghosts
  2 obsidian statues
  Pikel (D:6)
  11 lindwurms
  An iron dragon zombie (Crypt:3)
  3 orange crystal statues
  4 harpies
  35 deep elf pyromancers
  16 phantasmal warriors
  5 orc knights
  2 wizards
  25 deep elf zephyrmancers
  13 ugly things
  An anaconda skeleton (Crypt:3)
  13 ironbound convokers
  5 necromancers
  9 manticores
  A shadow dragon zombie (Tomb:1)
  5 orc sorcerers
  14 mana vipers
  13 salamanders
  A worldbinder (Zig:16)
  A fire giant zombie (Vaults:4)
  6 cyclopes
  6 elephants (Lair:5)
  3 will-o-the-wisps
  An iron dragon skeleton (Crypt:2)
  A faun (shapeshifter) (D:15)
  12 vault sentinels
  A stone giant skeleton (Vaults:4)
  27 black mambas
  2 stone giant zombies
  A moth of wrath (Zig:10)
  4 ice statues
  A merfolk siren (Zig:12)
  A guardian serpent (shapeshifter) (Elf:1)
  A titan simulacrum (Crypt:2)
  16 naga magi
  4 eyes of devastation
  5 gargoyles
  10 guardian serpents
  3 unseen horrors (D:12)
  A hellion (Zig:14)
  A death yak zombie (Crypt:1)
  10 spectral spriggans (Swamp:3)
  A torpor snail (Lair:5)
  2 water nymphs (Zig:12)
  An iron troll zombie (Crypt:3)
  12 cane toads
  37 yaktaurs
  A bunyip simulacrum (Crypt:3)
  An efreet (Volcano)
  A yaktaur zombie (Vaults:4)
  A kobold demonologist (D:9)
  2 tengu conjurers
  14 freezing wraiths
  10 komodo dragons
  A centaur skeleton (Tomb:2)
  2 demonic crawlers (Elf:3)
  3 tormentors
  2 alligator snapping turtle skeletons (Crypt:2)
  A yaktaur (shapeshifter) (Vaults:4)
  2 ancient zymes
  A rime drake (IceCv)
  13 trolls
  A queen bee (D:13)
  42 guardian mummies
  3 meliai (D:13)
  19 merfolk (Zig:12)
  A harpy zombie (Tomb:2)
  23 hornets
  4 bloated husks
  A harpy skeleton (Tomb:3)
  12 blink frogs
  13 polar bears
  A hydra skeleton (Tomb:1)
  A wind drake (Zig:12)
  An alligator zombie (Crypt:3)
  A snapping turtle (Zig:12)
  2 ettin zombies
  7 raiju (Abyss:2)
  9 tyrant leeches
  A tarantella (Vaults:3)
  8 dream sheep
  48 slime creatures
  Sigmund (D:4)
  An alligator skeleton (Crypt:2)
  10 flying skulls
  An air elemental (Elf:1)
  A culicivora (shapeshifter) (Vaults:4)
  11 wraiths
  9 water elementals
  A jumping spider (Vaults:3)
  54 yaks
  A culicivora (Vaults:4)
  14 spriggans
  2 dire elephant simulacra
  2 ice dragon skeletons
  A wyvern (Lair:5)
  3 basilisks
  26 ushabtiu
  A black mamba zombie (Tomb:2)
  7 fire elementals
  A golden eye (Zig:11)
  5 neqoxecs (Abyss:2)
  A ynoxinul (Zig:16)
  2 redbacks (Vaults:4)
  A chaos spawn (Abyss:2)
  12 vampire mosquitoes
  2 steam dragons
  8 wargs
  A naga zombie (Crypt:2)
  3 spatial vortices (Zig:16)
  A death yak simulacrum (D:13)
  A glowing orange brain zombie (Crypt:3)
  33 nagas
  Duvessa (D:6)
  13 swamp worms
  11 water moccasins
  3 hell hounds (Snake:1)
  A two-headed ogre skeleton (Crypt:2)
  A floating eye (Zig:13)
  3 black bears
  An ice beast (D:6)
  36 orc warriors
  A sky beast (D:8)
  7 swamp drakes (Swamp:4)
  A black bear (shapeshifter) (Elf:2)
  A lindwurm zombie (Crypt:1)
  13 centaurs
  25 ogres
  An elephant skeleton (Crypt:1)
  26 wolves
  4 boggarts (Vaults:4)
  A golden eye zombie (Crypt:3)
  3 lemures (D:6)
  A phantom (D:4)
  3 kobold brigands
  Blork the orc (D:6)
  9 bullfrogs
  4 scorpions
  5 earth elementals
  9 necrophages
  3 small abominations (Abyss:2)
  2 two-headed ogre simulacra (D:13)
  A gnoll sergeant (D:9)
  A yaktaur skeleton (Crypt:2)
  A salamander skeleton (Crypt:2)
  6 wights
  Dowan (D:6)
  An elephant simulacrum (D:13)
  21 killer bees
  3 electric eels (Lair:3)
  A troll skeleton (Crypt:2)
  7 howler monkeys
  A raiju skeleton (Crypt:1)
  A yak skeleton (Crypt:2)
  A wolf skeleton (Crypt:2)
  4 hounds
  A bullfrog zombie (Crypt:1)
  21 orc priests
  A basilisk zombie (Crypt:3)
  A gnoll bouda (D:7)
  3 bullfrog skeletons
  5 jellies
  Jessica (D:3)
  20 orc wizards
  19 iguanas
  4 spriggan simulacra
  3 troll simulacra (D:13)
  A deep dwarf zombie (Crypt:2)
  55 mummies
  10 gnolls
  9 adders
  A white imp (Abyss:2)
  A worm (D:2)
  A dart slug (D:2)
  89 orcs
  12 ball pythons
  10 endoplasms
  17 hobgoblins
  2 jackals (D:1)
  2 quokkas
  A ball python zombie (Crypt:1)
  6 bats
  21 frilled lizards
  17 goblins
  27 kobolds
  5 rats
  A lurking horror (Abyss:2)
  4 starspawn tentacles (Zig:16)
2495 creatures vanquished.

Vanquished Creatures (others)
  An alligator (Zig:5)
  A naga warrior (Snake:1)
  A water elemental (Elf:1)
  A fire elemental (Elf:2)
  An orc (Orc:1)
  8 foxfires
  10 fungi
  22 plants
  2 starspawn tentacles (Zig:16)
  3 withered plants (D:2)
50 creatures vanquished.

Grand Total: 2545 creatures vanquished

Notes
Turn   | Place    | Note
-------+----------+-------------------------------------------
     0 | D:1      | DildoBatman the Formicid Conjurer began the quest for the
                  | Orb.
     0 | D:1      | Reached XP level 1. HP: 13/13 MP: 3/3
   208 | D:1      | Reached XP level 2. HP: 20/20 MP: 3/5
   211 | D:1      | Learned a level 2 spell: Searing Ray
   437 | D:1      | Reached skill level 1 in Fighting
   443 | D:1      | Reached skill level 1 in Armour
   443 | D:1      | Reached XP level 3. HP: 20/26 MP: 2/6
   777 | D:2      | Learned a level 3 spell: Stone Arrow
  1061 | D:2      | Reached XP level 4. HP: 27/32 MP: 4/8
  1112 | D:2      | Found a faded altar of an unknown god.
  1543 | D:3      | Found an iron altar of Okawaru.
  1591 | D:3      | Reached XP level 5. HP: 38/38 MP: 4/9
  1819 | D:3      | Noticed Jessica
  1997 | D:3      | Reached XP level 6. HP: 46/46 MP: 7/11
  2492 | D:4      | Found a staircase to the Ecumenical Temple.
  2499 | D:4      | Noticed Sigmund
  2503 | Temple   | Entered the Ecumenical Temple
  2515 | Temple   | Became a worshipper of Kikubaaqudgha
  2527 | D:4      | Killed Sigmund
  2528 | D:4      | Reached skill level 5 in Conjurations
  2528 | D:4      | Reached XP level 7. HP: 41/52 MP: 3/12
  2579 | D:3      | Killed Jessica
  2881 | D:4      | Found a snail-covered altar of Cheibriados.
  3031 | D:4      | Reached * piety under Kikubaaqudgha
  3031 | D:4      | Received a gift from Kikubaaqudgha
  3035 | D:4      | Learned a level 2 spell: Sublimation of Blood
  3051 | D:4      | Reached skill level 5 in Spellcasting
  3180 | D:5      | Entered Level 5 of the Dungeon
  3190 | D:5      | Reached XP level 8. HP: 58/58 MP: 7/16
  3419 | D:5      | Reached skill level 1 in Earth Magic
  3472 | D:5      | Reached skill level 2 in Earth Magic
  3594 | D:5      | Reached skill level 3 in Earth Magic
  3629 | D:5      | Reached skill level 4 in Earth Magic
  3698 | D:5      | Reached XP level 9. HP: 63/63 MP: 14/19
  3732 | D:5      | Reached skill level 5 in Earth Magic
  3952 | D:6      | Noticed Duvessa
  3955 | D:6      | Killed Duvessa
  3971 | D:6      | Noticed Dowan
  3982 | D:6      | Killed Dowan
  3983 | D:6      | Reached skill level 6 in Earth Magic
  4024 | D:6      | Noticed Blork the orc
  4067 | D:6      | Reached skill level 1 in Necromancy
  4103 | D:6      | Noticed Pikel
  4136 | D:6      | Killed Pikel
  4243 | D:6      | Found a broken altar of Ashenzari.
  4251 | D:6      | Reached ** piety under Kikubaaqudgha
  4589 | D:6      | Killed Blork the orc
  4973 | D:7      | Reached skill level 5 in Shields
  4974 | D:7      | Reached XP level 10. HP: 64/73 MP: 14/20
  5216 | D:7      | Identified the +4 sling of Xihiphyj {vorpal, rElec Will+}
  5448 | D:7      | Found a stormy altar of Qazlal.
  5769 | D:7      | Reached *** piety under Kikubaaqudgha
  5769 | D:7      | Received a gift from Kikubaaqudgha
  5892 | D:8      | Reached skill level 5 in Armour
  5942 | D:8      | Reached skill level 5 in Fighting
  5962 | D:8      | Reached skill level 1 in Ranged Weapons
  6316 | D:8      | Learned a level 5 spell: Borgnjor's Vile Clutch
  6558 | D:8      | Reached skill level 7 in Earth Magic
  6607 | D:8      | Found a staircase to the Lair.
  6623 | D:8      | Found an opulent altar of Gozag.
  6684 | D:8      | Found a blossoming altar of Fedhas.
  6730 | D:8      | Found a shadowy altar of Dithmenos.
  6741 | D:8      | Found a sparkling altar of Nemelex Xobeh.
  6752 | D:8      | Found a glowing silver altar of Zin.
  7052 | D:9      | Found a flagged portal.
  7104 | D:9      | Found a burning altar of Makhleb.
  7145 | D:9      | Found a shimmering blue altar of Sif Muna.
  7196 | D:9      | Reached XP level 11. HP: 77/78 MP: 15/21
  7197 | D:9      | Reached **** piety under Kikubaaqudgha
  7298 | D:9      | Reached skill level 5 in Necromancy
  7350 | D:9      | Reached skill level 8 in Earth Magic
  7423 | Bailey   | Entered a bailey
  7454 | Bailey   | Noticed an orc warlord
  7522 | Bailey   | Found a runed translucent gate.
  7525 | Bailey   | Found a runed translucent gate.
  7527 | Bailey   | Found a runed translucent gate.
  7759 | Bailey   | Killed an orc warlord
  7760 | Bailey   | Reached skill level 9 in Earth Magic
  8361 | D:10     | Entered Level 10 of the Dungeon
  8532 | D:10     | Learned a level 4 spell: Dispel Undead
  8537 | D:10     | Found a staircase to the Orcish Mines.
  8759 | D:10     | Reached ***** piety under Kikubaaqudgha
  8976 | Orc:1    | Entered Level 1 of the Orcish Mines
  8978 | Orc:1    | Noticed Snorg
  8994 | Orc:1    | Killed Snorg
  9066 | Orc:1    | Noticed an orc knight
  9081 | Orc:1    | Killed an orc knight
  9130 | Orc:1    | Reached XP level 12. HP: 86/86 MP: 11/23
  9185 | Orc:1    | Noticed Josephine
  9191 | Orc:1    | Killed Josephine
  9241 | Orc:1    | Noticed a two-headed ogre
  9257 | Orc:1    | Killed a two-headed ogre
  9258 | Orc:1    | Reached skill level 10 in Earth Magic
  9357 | Orc:1    | You fall into a shaft and drop 1 floor!
  9357 | Orc:2    | Entered Level 2 of the Orcish Mines
  9510 | Orc:2    | Noticed a two-headed ogre
  9517 | Orc:2    | Killed a two-headed ogre
  9578 | Orc:2    | Reached skill level 10 in Necromancy
  9601 | Orc:2    | Found a staircase to the Elven Halls.
  9697 | Orc:1    | Noticed Erica
  9703 | Orc:1    | Killed Erica
 10025 | Orc:2    | Found a runed translucent door.
 10025 | Orc:2    | Found a shimmering altar of Xom.
 10025 | Orc:2    | Noticed Zippel's ghost (journeyman SpAr)
 10025 | Orc:2    | Noticed a +1 long sword of chaos
 10049 | Orc:2    | Found Rogalafu's General Store.
 10052 | Orc:2    | Found Kameogom's Specific Store.
 10057 | Orc:2    | Bought a potion of curing for 42 gold pieces
 10224 | Orc:2    | Noticed an orc warlord
 10280 | Orc:2    | Noticed a two-headed ogre
 10317 | Orc:2    | Killed a two-headed ogre
 10317 | Orc:2    | Killed an orc warlord
 10318 | Orc:2    | Reached skill level 11 in Earth Magic
 10372 | Orc:2    | Noticed an ogre mage
 10386 | Orc:2    | Killed an ogre mage
 10408 | Orc:2    | Noticed a two-headed ogre
 10413 | Orc:2    | Killed a two-headed ogre
 10414 | Orc:2    | Reached skill level 12 in Earth Magic
 10414 | Orc:2    | Reached XP level 13. HP: 91/91 MP: 19/26
 10516 | Orc:2    | Found Nurrint's Antique Armour Emporium.
 10520 | Orc:2    | Found Ceco's Magic Scroll Shoppe.
 10521 | Orc:2    | Found Ibymast's Armour Boutique.
 10528 | Orc:2    | Bought a scroll of fear for 60 gold pieces
 10528 | Orc:2    | Bought a scroll of butterflies for 60 gold pieces
 10528 | Orc:2    | Bought a scroll of magic mapping for 112 gold pieces
 10557 | Orc:2    | Reached ****** piety under Kikubaaqudgha
 10569 | Orc:2    | Received a gift from Kikubaaqudgha
 10587 | Orc:1    | Fell from the grace of Kikubaaqudgha
 10702 | D:8      | Became a worshipper of Gozag Ym Sagoz the Greedy
 10844 | Orc:2    | Reached skill level 10 in Spellcasting
 10878 | Orc:2    | Found Qygev's Assorted Antiques.
 10946 | Orc:2    | Noticed an ogre mage
 10952 | Orc:2    | Killed an ogre mage
 10969 | Orc:2    | Bought a potion of resistance for 230 gold pieces
 10969 | Orc:2    | Bought a viscous pink potion for 20 gold pieces
 10969 | Orc:2    | Bought a scroll labelled JITUBE TACIA for 23 gold pieces
 10969 | Orc:2    | Bought a scroll labelled WOZURA XAWI for 23 gold pieces
 11129 | Orc:2    | Killed Zippel's ghost
 11134 | Orc:2    | Identified the +1 shortbow "Killer Klown's Regret" {vorpal,
                  | Contam Int+6 Dex+8}
 11667 | D:11     | Noticed a seven-headed hydra
 11672 | D:11     | Killed a seven-headed hydra
 12049 | D:12     | Reached XP level 14. HP: 88/99 MP: 22/30
 12295 | D:12     | Noticed Urug
 12300 | D:12     | Killed Urug
 12301 | D:12     | Reached skill level 10 in Shields
 12717 | D:12     | Identified the +6 scale mail of the Countless Curses {SInv}
 12797 | D:13     | Found a gate to the Vaults.
 12816 | D:13     | Reached skill level 5 in Dodging
 13019 | D:13     | Found a frozen archway.
 13165 | IceCv    | Entered an ice cave
 13614 | IceCv    | Reached XP level 15. HP: 110/110 MP: 26/31
 13697 | IceCv    | Noticed a frost giant
 13785 | IceCv    | Got the Anthology of Gusts and Rallying
 13848 | IceCv    | Killed a frost giant
 14662 | D:14     | Noticed Agnes
 14813 | Lair:1   | Entered Level 1 of the Lair of Beasts
 14842 | Lair:1   | Gained mutation: Potions are less effective at restoring
                  | your health. [potion of mutation]
 14842 | Lair:1   | Gained mutation: [You occasionally lose the ability to read
                  | scrolls when taking damage.] [potion of mutation]
 14842 | Lair:1   | Gained mutation: You possess an exceptional clarity of
                  | mind. [potion of mutation]
 14843 | Lair:1   | Lost mutation: Potions are less effective at restoring your
                  | health. [potion of mutation]
 14843 | Lair:1   | Lost mutation: You possess an exceptional clarity of mind.
                  | [potion of mutation]
 14843 | Lair:1   | Gained mutation: You are robust. (+10% HP) [potion of
                  | mutation]
 14843 | Lair:1   | Gained mutation: You are clumsy. (Dex -2) [potion of
                  | mutation]
 14843 | Lair:1   | Gained mutation: You are partially covered in iridescent
                  | scales. (AC +2) [potion of mutation]
 14843 | Lair:1   | Gained mutation: You are mostly covered in iridescent
                  | scales. (AC +4) [potion of mutation]
 14871 | Lair:1   | Found a shimmering altar of Xom.
 14900 | Lair:1   | Found a dark tunnel.
 14910 | Volcano  | Entered a volcano
 15069 | Volcano  | Noticed a stone giant
 15076 | Volcano  | Killed a stone giant
 15649 | Lair:1   | Was forgiven by Kikubaaqudgha
 16062 | Lair:2   | Found a staircase to the Swamp.
 16818 | Lair:3   | Found a staircase to the Snake Pit.
 17170 | Lair:3   | Found a runed translucent door.
 17170 | Lair:3   | Noticed Xazxec's ghost (journeyman DECj)
 17186 | Lair:3   | Killed Xazxec's ghost
 17189 | Lair:3   | Identified the +8 spear "Jaicitt" {vorpal, rF+ Str-2 Dex+5
                  | SInv}
 18170 | Lair:4   | Reached XP level 16. HP: 131/134 MP: 3/32
 18873 | Lair:5   | Entered Level 5 of the Lair of Beasts
 18938 | Lair:5   | Found a staircase to the Slime Pits.
 19054 | Lair:5   | Reached skill level 10 in Fighting
 19204 | Lair:5   | Reached skill level 10 in Armour
 20284 | D:14     | Killed Agnes
 20412 | D:14     | Found Fomek's Antique Armour Emporium.
 20480 | D:14     | Reached skill level 13 in Earth Magic
 20883 | D:14     | Found a glowing golden altar of the Shining One.
 20977 | D:14     | You fall into a shaft and drop 1 floor!
 20977 | D:15     | Entered Level 15 of the Dungeon
 21005 | D:15     | Learned a level 6 spell: Iron Shot
 21106 | D:15     | Found a blossoming altar of Fedhas.
 21371 | D:15     | Gained mutation: You do not regenerate when monsters are
                  | visible. [a shining eye]
 21377 | D:15     | Reached XP level 17. HP: 143/143 MP: 22/33
 21377 | D:15     | Lost mutation: You are clumsy. (Dex -2) [potion of
                  | mutation]
 21377 | D:15     | Lost mutation: You do not regenerate when monsters are
                  | visible. [potion of mutation]
 21377 | D:15     | Lost mutation: You are robust. (+10% HP) [potion of
                  | mutation]
 21377 | D:15     | Gained mutation: Your magical capacity is low. (-10% MP)
                  | [potion of mutation]
 21415 | D:15     | Found a staircase to the Depths.
 22258 | Snake:1  | Entered Level 1 of the Snake Pit
 22623 | Snake:1  | Noticed Azrael
 22640 | Snake:1  | Killed Azrael
 23005 | Snake:1  | Noticed Mlioglotl
 23031 | Snake:1  | Killed Mlioglotl
 23052 | Snake:1  | Lost mutation: You are mostly covered in iridescent scales.
                  | (AC +4) [potion of mutation]
 23052 | Snake:1  | Lost mutation: Your magical capacity is low. (-10% MP)
                  | [potion of mutation]
 23052 | Snake:1  | Gained mutation: [You occasionally lose the ability to
                  | drink potions when taking damage.] [potion of mutation]
 23052 | Snake:1  | Gained mutation: Your muscles are strong. (Str +4, Int/Dex
                  | -1) [potion of mutation]
 23295 | Snake:1  | Reached skill level 14 in Earth Magic
 23502 | Snake:1  | Reached skill level 15 in Shields
 24243 | Snake:2  | Reached XP level 18. HP: 140/140 MP: 24/35
 24248 | Snake:2  | Identified the +5 ring mail of Gallantry {rN++ Str+5 Dex-3}
 25861 | Snake:2  | Learned a level 8 spell: Necromutation
 26053 | Snake:3  | Found a transporter.
 26799 | Snake:3  | Found a shimmering blue altar of Sif Muna.
 27167 | Snake:4  | Entered Level 4 of the Snake Pit
 27419 | Snake:4  | Found a runed translucent gate.
 27419 | Snake:4  | Found a runed translucent gate.
 27419 | Snake:4  | Found a runed translucent gate.
 27662 | Snake:4  | Reached skill level 15 in Earth Magic
 27677 | Snake:4  | Noticed Henri's ghost (adept VSEn)
 27684 | Snake:4  | Killed Henri's ghost
 28080 | Snake:4  | Noticed Vashnia
 28086 | Snake:4  | Killed Vashnia
 28087 | Snake:4  | Reached XP level 19. HP: 81/146 MP: 14/37
 28154 | Snake:4  | Got a serpentine rune of Zot
 28379 | Snake:4  | Reached skill level 16 in Earth Magic
 28380 | Snake:4  | Reached skill level 15 in Spellcasting
 28487 | Snake:4  | Reached skill level 15 in Necromancy
 28809 | Swamp:1  | Entered Level 1 of the Swamp
 29473 | Swamp:1  | Noticed Nikola
 29485 | Swamp:1  | Killed Nikola
 30027 | Swamp:2  | Learned a level 6 spell: Statue Form
 30205 | Swamp:3  | Reached skill level 1 in Transmutations
 30321 | Swamp:3  | Found an opulent altar of Gozag.
 30911 | Swamp:3  | Reached skill level 17 in Earth Magic
 30935 | Swamp:3  | Identified the +5 triple sword "Etroetacaf" {speed, rC+
                  | rN++}
 31405 | Swamp:4  | Entered Level 4 of the Swamp
 31536 | Swamp:4  | Reached XP level 20. HP: 153/153 MP: 24/39
 31693 | Swamp:4  | Reached skill level 5 in Transmutations
 31918 | Swamp:4  | Got a decaying rune of Zot
 32467 | Vaults:1 | Entered Level 1 of the Vaults
 32553 | Vaults:1 | Reached skill level 18 in Earth Magic
 32844 | Vaults:1 | You fall into a shaft and drop 1 floor!
 33229 | Vaults:2 | Lost mutation: You are partially covered in iridescent
                  | scales. (AC +2) [potion of mutation]
 33229 | Vaults:2 | Lost mutation: [You occasionally lose the ability to read
                  | scrolls when taking damage.] [potion of mutation]
 33229 | Vaults:2 | Gained mutation: [You sometimes lose the ability to drink
                  | potions when taking damage.] [potion of mutation]
 33229 | Vaults:2 | Gained mutation: You are agile. (Dex +4, Str/Int -1)
                  | [potion of mutation]
 33692 | Vaults:2 | Found a staircase to the Crypt.
 33692 | Vaults:2 | Found an ancient bone altar of Kikubaaqudgha.
 33693 | Vaults:2 | Found a basalt altar of Yredelemnul.
 33894 | Vaults:2 | Reached XP level 21. HP: 159/159 MP: 38/41
 34126 | Vaults:2 | Reached skill level 19 in Earth Magic
 34986 | Vaults:1 | Reached skill level 10 in Transmutations
 36291 | Vaults:3 | Found a magical portal.
 36310 | WizLab   | Entered Tukima's Studio
 36370 | WizLab   | Reached skill level 20 in Earth Magic
 36484 | WizLab   | Reached XP level 22. HP: 165/165 MP: 30/42
 36500 | WizLab   | Noticed DildoBatman's illusion
 36567 | WizLab   | Noticed DildoBatman's illusion
 36616 | WizLab   | Got the Grimoire of Beguiling
 37269 | Vaults:3 | Found Honues's Distillery.
 37278 | Vaults:3 | Bought a potion of curing for 39 gold pieces
 37278 | Vaults:3 | Bought a potion of curing for 39 gold pieces
 37278 | Vaults:3 | Bought a potion of curing for 39 gold pieces
 37278 | Vaults:3 | Bought a potion of curing for 39 gold pieces
 37278 | Vaults:3 | Bought a potion of curing for 39 gold pieces
 37278 | Vaults:3 | Bought a potion of mutation for 104 gold pieces
 38104 | Vaults:4 | Reached skill level 21 in Earth Magic
 38692 | Vaults:4 | Found Aweoq's Jewellery Shop.
 39371 | Elf:1    | Entered Level 1 of the Elven Halls
 39415 | Elf:1    | Found Muuz's Book Emporium.
 39417 | Elf:1    | Found Sabboeph's Magic Scroll Shop.
 39527 | Elf:1    | Bought a scroll of fear for 60 gold pieces
 39527 | Elf:1    | Bought a scroll of butterflies for 60 gold pieces
 39527 | Elf:1    | Bought a scroll of acquirement for 780 gold pieces
 39635 | Elf:1    | Found Ebetocwopn's Weapon Emporium.
 39697 | Elf:1    | Reached XP level 23. HP: 171/171 MP: 37/43
 39758 | Elf:1    | Found Rocs's General Store.
 39765 | Elf:1    | Bought a scroll of poison for 64 gold pieces
 39890 | Elf:1    | Noticed Frances
 39896 | Elf:1    | Killed Frances
 40106 | Elf:1    | Found a stormy altar of Qazlal.
 40494 | Elf:2    | Identified the +2 cloak of the True Pharaoh {rElec rPois}
 40670 | Elf:2    | Found a runed translucent gate.
 40671 | Elf:2    | Found a runed translucent gate.
 40671 | Elf:2    | Found a runed translucent gate.
 41125 | Elf:3    | Entered Level 3 of the Elven Halls
 41164 | Elf:3    | Reached skill level 22 in Earth Magic
 41243 | Abyss:2  | Cast into level 2 of the Abyss (a deep elf sorcerer)
 41247 | Abyss:2  | Lost mutation: [You sometimes lose the ability to drink
                  | potions when taking damage.] [potion of mutation]
 41247 | Abyss:2  | Lost mutation: You are agile. (Dex +4, Str/Int -1) [potion
                  | of mutation]
 41247 | Abyss:2  | Lost mutation: Your muscles are strong. (Str +4, Int/Dex
                  | -1) [potion of mutation]
 41247 | Abyss:2  | Gained mutation: You are partially covered in large bone
                  | plates. (SH +4) [potion of mutation]
 41247 | Abyss:2  | Gained mutation: You are partially covered in iridescent
                  | scales. (AC +2) [potion of mutation]
 41248 | Abyss:2  | Lost mutation: [You occasionally lose the ability to drink
                  | potions when taking damage.] [potion of mutation]
 41248 | Abyss:2  | Lost mutation: You are partially covered in large bone
                  | plates. (SH +4) [potion of mutation]
 41248 | Abyss:2  | Gained mutation: Your movements are slightly less
                  | encumbered by armour. (ER -2) [potion of mutation]
 41252 | Abyss:2  | Acquired 1207 gold pieces
 41254 | Abyss:2  | Acquired 1061 gold pieces
 41634 | Elf:3    | Escaped the Abyss
 41942 | Elf:3    | Identified the +6 falchion of Dishonesty {elec, rPois
                  | Will++ Int-2 Stlth+}
 42026 | Elf:3    | Identified the +6 broad axe "Grim Tooth" {antimagic,
                  | Fragile rElec rPois Str+2}
 42110 | Elf:3    | Identified the +6 spear of the Gazing Scorpion {vorpal,
                  | rN+}
 42110 | Elf:3    | Identified the +2 leather armour of the Terrible God {Harm
                  | rF- rN+}
 42172 | Elf:3    | Noticed Saint Roka
 42211 | Elf:3    | Killed Saint Roka
 42264 | Elf:3    | Identified the +4 glaive "Obafyipu" {venom, Fly rElec Str+2
                  | Stlth+}
 42336 | Elf:3    | Reached XP level 24. HP: 173/178 MP: 43/44
 42448 | Elf:3    | Identified the +4 falchion of Eternal Vigilance {pain,
                  | Will+ Str+4 Int+3}
 42491 | Elf:3    | Identified the +3 ring mail "Vinow" {rElec rCorr Stlth-}
 42495 | Elf:3    | Got the Secrets of Grim Hypothermia
 42714 | Elf:3    | Noticed Asterion
 42719 | Elf:3    | Killed Asterion
 42888 | Elf:3    | Gained mutation: A frigid envelope surrounds you and
                  | freezes all who hurt you. [mutagenic glow]
 43459 | Snake:3  | Found a transporter.
 43820 | Crypt:1  | Entered Level 1 of the Crypt
 43888 | Crypt:1  | Identified the +9 quarterstaff of Circular Logic {vamp,
                  | Str+3 Dex+3}
 45328 | Crypt:2  | Found a runed translucent gate.
 45329 | Crypt:2  | Found a runed translucent gate.
 45329 | Crypt:2  | Found a runed translucent gate.
 45330 | Crypt:2  | Noticed Ciwiv's ghost (veteran FoFi)
 45330 | Crypt:2  | Noticed Woadakig's ghost (veteran FoFi)
 45349 | Crypt:2  | Killed Ciwiv's ghost
 45353 | Crypt:2  | Killed Woadakig's ghost
 45374 | Crypt:2  | Identified the ring "Vyagaf" {Wiz rC+ Str+3}
 45441 | Crypt:2  | Reached skill level 15 in Transmutations
 45543 | Crypt:2  | Reached skill level 15 in Armour
 45835 | Crypt:3  | Entered Level 3 of the Crypt
 45893 | Crypt:3  | Reached XP level 25. HP: 143/180 MP: 18/45
 46405 | Crypt:3  | Noticed a royal mummy
 46431 | Crypt:3  | Killed a royal mummy
 46701 | Crypt:3  | Identified the +11 dagger of Ogrurcha {vorpal, rN+++ Will++
                  | Str-3 Dex-2}
 46858 | Crypt:3  | Found an ancient bone altar of Kikubaaqudgha.
 46863 | Crypt:3  | Found a basalt altar of Yredelemnul.
 46905 | Crypt:3  | Identified the +6 sling of Dim Light {vorpal, rF++}
 46911 | Crypt:3  | Got Khufu's Catalogue of Maleficent Deeds
 46997 | Crypt:3  | Found a staircase to the Tomb.
 47302 | Tomb:1   | Entered Level 1 of the Tomb of the Ancients
 47994 | Tomb:1   | Noticed a royal mummy
 48025 | Tomb:1   | Killed a royal mummy
 48114 | Tomb:1   | Noticed a royal mummy
 48137 | Tomb:1   | Killed a royal mummy
 48307 | Tomb:1   | Noticed a royal mummy
 48315 | Tomb:1   | Killed a royal mummy
 48981 | Vaults:4 | Acquired 1175 gold pieces
 48982 | Vaults:4 | Acquired 668 gold pieces
 48985 | Vaults:5 | Entered Level 5 of the Vaults
 49323 | Vaults:4 | Reached XP level 26. HP: 185/191 MP: 37/45
 49867 | Vaults:5 | Noticed an ancient lich
 49927 | Vaults:4 | Killed an ancient lich
 50227 | Vaults:5 | Identified the +3 leather armour of the Jackalope {rCorr
                  | SInv}
 50644 | Vaults:5 | Got the Volume of Fascination
 50647 | Vaults:5 | Identified the +8 plate armour of the Other World {rN++}
 50799 | Vaults:5 | Noticed Margery
 50813 | Vaults:5 | Killed Margery
 50851 | Vaults:5 | HP: 8/191 [hell knight/bolt of fire[Margery] (39)]
 51244 | Vaults:5 | Got a silver rune of Zot
 51981 | Tomb:1   | Learned a level 9 spell: Shatter
 51985 | Tomb:1   | Learned a level 1 spell: Sandblast
 51988 | Tomb:1   | Learned a level 2 spell: Passwall
 51993 | Tomb:1   | Learned a level 3 spell: Ozocubu's Armour
 52003 | Tomb:1   | Learned a level 9 spell: Death's Door
 52013 | Tomb:1   | Learned a level 9 spell: Polar Vortex
 52118 | Tomb:1   | Noticed a royal mummy
 52123 | Tomb:1   | Killed a royal mummy
 52136 | Tomb:1   | Noticed a royal mummy
 52141 | Tomb:1   | Killed a royal mummy
 52241 | Tomb:1   | Noticed a royal mummy
 52245 | Tomb:1   | Noticed a royal mummy
 52248 | Tomb:1   | Noticed a royal mummy
 52350 | Tomb:1   | Noticed a royal mummy
 52387 | Tomb:1   | Killed a royal mummy
 52387 | Tomb:1   | Killed a royal mummy
 52389 | Tomb:1   | Killed a royal mummy
 52389 | Tomb:1   | Killed a royal mummy
 52390 | Tomb:1   | Reached XP level 27. HP: 193/197 MP: 12/45
 52413 | Tomb:1   | Noticed a royal mummy
 52422 | Tomb:1   | Killed a royal mummy
 52504 | Tomb:1   | Noticed a royal mummy
 52517 | Tomb:1   | Killed a royal mummy
 52536 | Tomb:1   | Noticed a royal mummy
 52536 | Tomb:1   | Noticed a royal mummy
 52540 | Tomb:1   | Noticed a royal mummy
 52616 | Tomb:1   | Killed a royal mummy
 52617 | Tomb:1   | Reached skill level 23 in Earth Magic
 52641 | Tomb:1   | Killed a royal mummy
 52670 | Tomb:1   | Noticed a royal mummy
 52679 | Tomb:1   | Killed a royal mummy
 52878 | Tomb:1   | Killed a royal mummy
 53021 | Tomb:2   | Noticed a royal mummy
 53022 | Tomb:2   | Noticed a royal mummy
 53029 | Tomb:2   | Killed a royal mummy
 53029 | Tomb:2   | Killed a royal mummy
 53036 | Tomb:2   | Noticed a royal mummy
 53037 | Tomb:2   | Noticed a royal mummy
 53038 | Tomb:2   | Reached skill level 24 in Earth Magic
 53112 | Tomb:2   | Killed a royal mummy
 53329 | Tomb:2   | Killed a royal mummy
 53936 | Tomb:3   | Entered Level 3 of the Tomb of the Ancients
 53939 | Tomb:3   | Reached skill level 25 in Earth Magic
 53964 | Tomb:3   | Reached skill level 1 in Ice Magic
 53969 | Tomb:3   | Noticed a royal mummy
 53983 | Tomb:3   | Killed a royal mummy
 53999 | Tomb:3   | Noticed a royal mummy
 54007 | Tomb:3   | Identified the +2 leather armour of Jot Zima {Str+3 Dex+4}
 54007 | Tomb:3   | Noticed a royal mummy
 54012 | Tomb:3   | Killed a royal mummy
 54016 | Tomb:3   | Noticed a royal mummy
 54024 | Tomb:3   | Killed a royal mummy
 54031 | Tomb:3   | Killed a royal mummy
 54046 | Tomb:3   | Reached skill level 5 in Ice Magic
 54053 | Tomb:3   | Noticed a royal mummy
 54061 | Tomb:3   | Noticed a royal mummy
 54069 | Tomb:3   | Killed a royal mummy
 54074 | Tomb:3   | Killed a royal mummy
 54155 | Tomb:3   | Reached skill level 26 in Earth Magic
 54161 | Tomb:3   | Noticed a royal mummy
 54169 | Tomb:3   | Noticed a royal mummy
 54176 | Tomb:3   | Killed a royal mummy
 54178 | Tomb:3   | Killed a royal mummy
 54655 | Tomb:3   | Got the Teachings on the Floating Flock
 54718 | Tomb:3   | Identified the +12 flail "Tienwusch" {vorpal, rC- Int+7}
 54721 | Tomb:3   | Identified the +7 glaive "Gysujoam" {elec, Fragile rC+++
                  | Dex-4 Stlth+}
 54731 | Tomb:3   | Identified the +9 war axe of Punishment {flame, rF++}
 54875 | Tomb:3   | Got a golden rune of Zot
 55009 | Tomb:3   | Lost mutation: Your movements are slightly less encumbered
                  | by armour. (ER -2) [potion of mutation]
 55009 | Tomb:3   | Lost mutation: A frigid envelope surrounds you and freezes
                  | all who hurt you. [potion of mutation]
 55009 | Tomb:3   | Lost mutation: You are partially covered in iridescent
                  | scales. (AC +2) [potion of mutation]
 55009 | Tomb:3   | Gained mutation: You do not regenerate when monsters are
                  | visible. [potion of mutation]
 55009 | Tomb:3   | Gained mutation: You are agile. (Dex +4, Str/Int -1)
                  | [potion of mutation]
 55009 | Tomb:3   | Gained mutation: Your system is resistant to poisons.
                  | (rPois) [potion of mutation]
 55010 | Tomb:3   | Lost mutation: You are agile. (Dex +4, Str/Int -1) [potion
                  | of mutation]
 55010 | Tomb:3   | Lost mutation: Your system is resistant to poisons. (rPois)
                  | [potion of mutation]
 55010 | Tomb:3   | Gained mutation: You passively map a small area around you.
                  | [potion of mutation]
 55010 | Tomb:3   | Gained mutation: Potions are less effective at restoring
                  | your health. [potion of mutation]
 55010 | Tomb:3   | Gained mutation: You occasionally shout uncontrollably at
                  | your foes. [potion of mutation]
 55010 | Tomb:3   | Gained mutation: You are partially covered in iridescent
                  | scales. (AC +2) [potion of mutation]
 55011 | Tomb:3   | Lost mutation: You do not regenerate when monsters are
                  | visible. [potion of mutation]
 55011 | Tomb:3   | Lost mutation: You occasionally shout uncontrollably at
                  | your foes. [potion of mutation]
 55011 | Tomb:3   | Lost mutation: You passively map a small area around you.
                  | [potion of mutation]
 55011 | Tomb:3   | Gained mutation: A frigid envelope surrounds you and
                  | freezes all who hurt you. [potion of mutation]
 55011 | Tomb:3   | Gained mutation: You are dopey. (Int -2) [potion of
                  | mutation]
 55011 | Tomb:3   | Gained mutation: Your flesh is cold resistant. (rC+)
                  | [potion of mutation]
 55012 | Tomb:3   | Lost mutation: You are dopey. (Int -2) [potion of mutation]
 55012 | Tomb:3   | Lost mutation: You are partially covered in iridescent
                  | scales. (AC +2) [potion of mutation]
 55013 | Tomb:3   | Lost mutation: A frigid envelope surrounds you and freezes
                  | all who hurt you. [potion of mutation]
 55013 | Tomb:3   | Lost mutation: Your flesh is cold resistant. (rC+) [potion
                  | of mutation]
 55013 | Tomb:3   | Gained mutation: You are clumsy. (Dex -2) [potion of
                  | mutation]
 55014 | Tomb:3   | Lost mutation: Potions are less effective at restoring your
                  | health. [potion of mutation]
 55014 | Tomb:3   | Lost mutation: You are clumsy. (Dex -2) [potion of
                  | mutation]
 55014 | Tomb:3   | Gained mutation: You are clumsy. (Dex -2) [potion of
                  | mutation]
 55014 | Tomb:3   | Gained mutation: You have large cloven feet. [potion of
                  | mutation]
 55015 | Tomb:3   | Lost mutation: You are clumsy. (Dex -2) [potion of
                  | mutation]
 55015 | Tomb:3   | Lost mutation: You have large cloven feet. [potion of
                  | mutation]
 55015 | Tomb:3   | Gained mutation: Your mind is acute. (Int +4, Str/Dex -1)
                  | [potion of mutation]
 55015 | Tomb:3   | Gained mutation: You have hidden genetic potential. [potion
                  | of mutation]
 55031 | Zig:1    | Entered Level 1 of a ziggurat
 55054 | Zig:2    | Entered Level 2 of a ziggurat
 55092 | Zig:3    | Entered Level 3 of a ziggurat
 55136 | Zig:4    | Entered Level 4 of a ziggurat
 55151 | Zig:4    | Identified the +10 great mace of Jocular Valiance {protect,
                  | Dex+8}
 55167 | Zig:5    | Entered Level 5 of a ziggurat
 55189 | Zig:5    | Identified the +0 ring mail of the Elven Halls {rElec rC-
                  | Int+5}
 55190 | Zig:5    | Identified the +5 halberd "Itudearu" {spect, Fly rElec
                  | Str+7 Int-4}
 55245 | Zig:6    | Entered Level 6 of a ziggurat
 55264 | Zig:6    | Reached skill level 27 in Earth Magic
 55375 | Zig:7    | Entered Level 7 of a ziggurat
 55383 | Zig:7    | Reached skill level 5 in Stealth
 55398 | Zig:7    | Identified the +1 leather armour of Wafif {Str+3}
 55431 | Zig:8    | Entered Level 8 of a ziggurat
 55483 | Zig:8    | Identified the +2 arbalest of Mourning {penet, Fly rC+}
 55524 | Zig:9    | Entered Level 9 of a ziggurat
 55607 | Zig:10   | Entered Level 10 of a ziggurat
 55637 | Zig:10   | Reached skill level 10 in Ice Magic
 55691 | Zig:10   | Identified the +0 leather armour "Fafe" {Str+3}
 55705 | Zig:10   | Identified the +1 chain mail of Integrity {rElec rC+ Slay+3
                  | SInv}
 55735 | Zig:11   | Entered Level 11 of a ziggurat
 55964 | Zig:11   | Identified the ring "Keoseidi" {+Blink rPois rCorr Int-4
                  | Dex+6}
 55970 | Zig:11   | Identified the ring of Venun {rPois rF++ Dex+4 SInv}
 55972 | Zig:11   | Identified the +6 quarterstaff of Jurimif {vorpal, Dex+4}
 55980 | Zig:11   | Identified the +3 plate armour of Death Resistance {-Cast
                  | rPois Will+}
 55989 | Zig:11   | Identified the ring of Hepliaklqana's Delight {Fire Drain
                  | rN+++ Str+5}
 56022 | Zig:11   | Lost mutation: You have hidden genetic potential. [potion
                  | of mutation]
 56022 | Zig:11   | Lost mutation: Your mind is acute. (Int +4, Str/Dex -1)
                  | [potion of mutation]
 56022 | Zig:11   | Gained mutation: Your magical capacity is low. (-10% MP)
                  | [potion of mutation]
 56023 | Zig:11   | Lost mutation: Your magical capacity is low. (-10% MP)
                  | [potion of mutation]
 56023 | Zig:11   | Gained mutation: Your system is resistant to poisons.
                  | (rPois) [potion of mutation]
 56023 | Zig:11   | Gained mutation: You are covered in fur. (AC +1) [potion of
                  | mutation]
 56023 | Zig:11   | Gained mutation: You are strong-willed. (Will+) [potion of
                  | mutation]
 56045 | Zig:12   | Entered Level 12 of a ziggurat
 56077 | Zig:12   | Reached skill level 10 in Stealth
 56228 | Zig:13   | Entered Level 13 of a ziggurat
 56378 | Zig:13   | Identified the +1 leather armour of Bespelled Liberty
                  | {Int+4}
 56400 | Zig:13   | Identified the +12 hand axe "Killer Klown's Bane" {vamp,
                  | rElec rC+ rN+ Will+ rCorr}
 56408 | Zig:13   | Identified the +10 long sword "Lifebane" {vorpal, Str-2
                  | Dex+7}
 56409 | Zig:13   | Identified the +1 flail of Extremism {vorpal, Fragile rPois
                  | Str+4 Stlth+}
 56478 | Zig:14   | Entered Level 14 of a ziggurat
 56712 | Zig:14   | Identified the +4 robe "Ymam" {+Blink rElec Str-3 SInv}
 56726 | Zig:14   | Identified the +4 rapier of Mutilation {antimagic, rElec
                  | Str+4 Int+4 Dex-4}
 56771 | Zig:14   | Lost mutation: Your system is resistant to poisons. (rPois)
                  | [potion of mutation]
 56771 | Zig:14   | Lost mutation: You are strong-willed. (Will+) [potion of
                  | mutation]
 56771 | Zig:14   | Lost mutation: You are covered in fur. (AC +1) [potion of
                  | mutation]
 56771 | Zig:14   | Gained mutation: You have hidden genetic defects. [potion
                  | of mutation]
 56771 | Zig:14   | Lost mutation: You have hidden genetic defects. [potion of
                  | mutation]
 56772 | Zig:14   | Gained mutation: You are weak. (Str -2) [potion of
                  | mutation]
 56772 | Zig:14   | Gained mutation: You occasionally shout uncontrollably at
                  | your foes. [potion of mutation]
 56772 | Zig:14   | Gained mutation: [Your body sometimes deteriorates upon
                  | taking damage.] [potion of mutation]
 56773 | Zig:14   | Lost mutation: You are weak. (Str -2) [potion of mutation]
 56773 | Zig:14   | Lost mutation: You occasionally shout uncontrollably at
                  | your foes. [potion of mutation]
 56773 | Zig:14   | Gained mutation: You are resistant to electric shocks.
                  | (rElec) [potion of mutation]
 56773 | Zig:14   | Gained mutation: Your magical capacity is low. (-10% MP)
                  | [potion of mutation]
 56774 | Zig:14   | Lost mutation: Your magical capacity is low. (-10% MP)
                  | [potion of mutation]
 56774 | Zig:14   | Lost mutation: [Your body sometimes deteriorates upon
                  | taking damage.] [potion of mutation]
 56774 | Zig:14   | Gained mutation: Your spells are a little easier to cast,
                  | but a little less powerful. [potion of mutation]
 56774 | Zig:14   | Gained mutation: Potions are less effective at restoring
                  | your health. [potion of mutation]
 56774 | Zig:14   | Gained mutation: [You are frail. (-10% HP)] [potion of
                  | mutation]
 56774 | Zig:14   | Gained mutation: You have sharp fingernails. [potion of
                  | mutation]
 56775 | Zig:14   | Lost mutation: [You are frail. (-10% HP)] [potion of
                  | mutation]
 56775 | Zig:14   | Lost mutation: Your spells are a little easier to cast, but
                  | a little less powerful. [potion of mutation]
 56775 | Zig:14   | Lost mutation: You are resistant to electric shocks.
                  | (rElec) [potion of mutation]
 56775 | Zig:14   | Gained mutation: [You occasionally lose the ability to
                  | drink potions when taking damage.] [potion of mutation]
 56775 | Zig:14   | Gained mutation: You are covered in fur. (AC +1) [potion of
                  | mutation]
 56776 | Zig:14   | Lost mutation: You are covered in fur. (AC +1) [potion of
                  | mutation]
 56776 | Zig:14   | Lost mutation: [You occasionally lose the ability to drink
                  | potions when taking damage.] [potion of mutation]
 56776 | Zig:14   | Lost mutation: You have sharp fingernails. [potion of
                  | mutation]
 56776 | Zig:14   | Gained mutation: Your magical capacity is low. (-10% MP)
                  | [potion of mutation]
 56776 | Zig:14   | Gained mutation: You are weak. (Str -2) [potion of
                  | mutation]
 56777 | Zig:14   | Lost mutation: You are weak. (Str -2) [potion of mutation]
 56777 | Zig:14   | Lost mutation: Potions are less effective at restoring your
                  | health. [potion of mutation]
 56777 | Zig:14   | Lost mutation: Your magical capacity is low. (-10% MP)
                  | [potion of mutation]
 56777 | Zig:14   | Gained mutation: Your muscles are strong. (Str +4, Int/Dex
                  | -1) [potion of mutation]
 56797 | Zig:15   | Entered Level 15 of a ziggurat
 56893 | Zig:15   | Identified the ring "Qiavoja" {Will+ Stlth+}
 56961 | Zig:16   | Entered Level 16 of a ziggurat
 57022 | Zig:16   | HP: 3/155 [disintegration (37)]
 57022 | Zig:16   | Slain by an Executioner

Illustrated notes

Levels and vault maps discovered:
D:1:      spicycebolla_arrival_risky_transporter, layout_basic,
          chequers_serial_rivers_micro_c
D:2:      layout_basic, ebering_ecumenical_altar_petrified, serial_rivers,
          chequers_serial_rivers_room_b, chequers_serial_rivers_micro_b,
          chequers_serial_rivers_room_b, chequers_serial_rivers_room_b,
          chequers_serial_rivers_small_3, chequers_serial_rivers_small_a,
          kennysheep_generic_room_7
D:3:      layout_loops_ring, okawaru_gym_becter, uniq_jessica
D:4:      layout_rooms, mainiacjoe_overflow_tiny_flanked,
          minmay_temple_entry_statues_pillars, st_stairs_7, uniq_sigmund
D:5:      layout_cave_pools, kennysheep_generic_room_3
D:6:      layout_basic, mainiacjoe_overflow_cross_hatched, minmay_circle_x,
          uniq_duvessa, uniq_blork_the_orc, uniq_pikel
D:7:      layout_loops_corners, nicolae_qazlal_general_emergency
D:8:      layout_basic, nicolae_overflow_quartered_altars,
          grunt_gozag_breadcrumbs, lair_entry_dummy, special_room
          [special_room_orc]
D:9:      layout_basic, kennysheep_orc_sif_temple,
          mainiacjoe_overflow_small_starburst, enter_bailey_2,
          lemuel_flamethrower_1
D:10:     layout_roguey, david_orc_3, corexii_checkpoint_a, nrook_pool_corridor
D:11:     layout_irregular_city, minmay_misc_feat_more_columns
D:12:     layout_loops_cross, unseen_surprise_small, uniq_urug
D:13:     layout_roguey, erik_vaults_1, special_room [special_room_bee],
          portal_ice_cave_entry_ice_simulacra
D:14:     layout_basic, serial_shops, nicolae_shop_statue_plus,
          nicolae_tso_swordbearing_angel, uniq_agnes
D:15:     gammafunk_enter_depths_forms, layout_loops_ring, fedhas_altar_3
Temple:   minmay_freezing_vapour_temple
Lair:1:   layout_misc_corridors, nicolae_volcano_entry_two_sided, serial_rivers,
          chequers_serial_rivers_small_a, chequers_serial_rivers_micro_b,
          chequers_serial_rivers_micro_d, chequers_serial_rivers_micro_a,
          chequers_serial_rivers_micro_d, lemuel_centaur_altar
Lair:2:   dreamdust_cave_troll, layout_cave_pods, skrybe_swamp_entry_bodies
Lair:3:   lemuel_reptile_caves, layout_regular_city,
          guppyfry_snake_entry_garden, gammafunk_ghost_grave,
          grunt_megastairs_3, infiniplex_staircase_pool, lemuel_fruit_tree,
          serial_bayou_shore_a
Lair:4:   layout_cave_pods, serial_bayou_shore_b
Lair:5:   evilmike_catoblepas_cave, layout_regular_city, slime_entry_1,
          minivault_24, dreamdust_wasp_nest
Swamp:1:  layout_basic_swamp, nicolae_swamp_trees_clearing, swamp_pool1,
          nicolae_swamp_bean_lake, uniq_nikola
Swamp:2:  layout_basic_swamp, nicolae_swamp_little_tower
Swamp:3:  nicolae_swamp_flooded_prison, layout_basic_swamp, basic_altar
Swamp:4:  swamp, layout_basic_swamp, swamp_pool3
Snake:1:  layout_honeycomb, nicolae_snake_scaly_snakehead, uniq_mlioglotl,
          uniq_azrael
Snake:2:  minmay_snake_river, layout_onion, nicolae_triple_integral
Snake:3:  gammafunk_sealed_library, layout_chambers, st_stairs_6
Snake:4:  grunt_snake_rune_serpentine_throne, layout_chambers,
          ebering_ghost_rock_garden
Orc:1:    layout_caves, uniq_erica, uniq_snorg, uniq_josephine
Orc:2:    st_orc_open, layout_diamond_mine, ebering_ghost_xom,
          nicolae_specific_store
Elf:1:    minmay_elf_arrival_circle, layout_gridlike, serial_shops,
          nicolae_shop_statue_plus, nicolae_shop_advertising_works
          [nicolae_subvault_shop_adworks], nicolae_shop_stone, shop,
          hangedman_elven_crosses_minicolossus, nicolae_elf_altarnating,
          uniq_frances
Elf:2:    nicolae_elf_blades_crystal_corner, layout_geoelf_octagon, minivault_25
Elf:3:    minmay_elf_hall_statues, layout_geoelf_grid,
          einodemon_crawler_minivault, uniq_asterion, uniq_saint_roka
Vaults:1: dpeg_vaults_monster_row, v_misc_27, vaults_room_door_ring, v_misc_19,
          v_misc_15, vaults_mumra_bighexcomb,
          nicolae_vaults_windows_and_doors_thing, hangedman_vaults_pinch,
          layout_vaults_chaotic_city
Vaults:2: minmay_crypt_entry_necro_gods, v_misc_23, v_misc_24,
          nicolae_vaults_twisting_passages, v_misc_31, v_misc_4, v_misc_19,
          hangedman_vaults_corner_blocks, grunt_vaults_twisty,
          ontoclasm_vaults_fault, v_misc_14, nicolae_vaults_mini_display_case,
          ontoclasm_vaults_idyll, nicolae_vaults_border_crossing,
          layout_vaults_ring
Vaults:3: infiniplex_enter_wizlab_glasses, nicolae_vaults_alarming,
          vaults_room_pool, vaults_dpeg_diagonal, hangedman_vaults_stitches,
          hangedman_vaults_stretched_pinwheel, hangedman_vaults_river_flow,
          nicolae_vaults_little_squares_6, nicolae_vaults_theta,
          vaults_mumra_hexcomb, v_misc_16, vaults_room_pools,
          layout_vaults_omnicross, serial_shops, shop
Vaults:4: nicolae_vaults_network_barrier, v_misc_23, hangedman_vaults_stream,
          hangedman_vaults_slice, kb_rosetta, nicolae_vaults_sealed_display,
          grunt_vaults_funnel, hangedman_vaults_maws, grunt_vaults_hallway_long,
          hangedman_vaults_stretched_pinwheel, nicolae_vaults_little_ls,
          layout_vaults_omnibox, serial_shops, nicolae_shop_crystal
Vaults:5: uniq_margery
Crypt:1:  layout_chaotic_city
Crypt:2:  layout_gridlike, gammafunk_ghost_cemetery, minivault_24
Crypt:3:  lightli_unholy_cathedral, layout_chaotic_city,
          tomb_entry_simple_bobbens, serial_sigils,
          serial_sigils_hangedman_etch, serial_sigils_hangedman_gut,
          serial_sigils_hangedman_quiver, serial_sigils_hangedman_snap
Tomb:1
Tomb:2
Tomb:3
Zig:16:   ziggurat_pillar_centre_c, ziggurat_pillar_centre_c,
          ziggurat_pillar_centre_c, ziggurat_pillar_centre_c

Skill      XL: |  1  2  3  4  5  6  7  8  9 10 11 12 13 14 15 16 17 18 19 20 21 22 23 24 25 26 27 |
---------------+----------------------------------------------------------------------------------+-----
Dodging        | 2 3 6 7 8 9 |  9.0
Fighting       | 1 2 3 4 5 8 9 10 11 12 | 12.0
Armour         | 1 2 3 4 5 8 9 10 11 12 13 15 | 15.0
Conjurations   | 4 5 6 |  6.0
Spellcasting   | 3 5 7 9 12 13 14 15 16 17 18 | 18.0
Earth Magic    | 4 6 7 9 12 13 14 15 17 18 20 21 22 27 | 27.0
Necromancy     | 2 4 9 11 12 13 14 15 17 18 19 20 22 | 22.0
Shields        | 5 9 11 13 14 15 16 | 16.0
Ranged Weapons | 2 |  2.0
Transmutations | 4 8 11 12 13 15 18 22 | 22.0
Ice Magic      | 14 | 14.6
Stealth        | 12 | 12.0

Action                   |  1- 3 |  4- 6 |  7- 9 | 10-12 | 13-15 | 16-18 | 19-21 | 22-24 | 25-27 || total
-------------------------+-------+-------+-------+-------+-------+-------+-------+-------+-------++-------
Melee: Long sword        |    24 |    16 |    51 |    41 |       |       |       |       |       ||   132
       Dagger            |       |    10 |     4 |       |       |       |       |       |       ||    14
       Staff             |       |       |       |    12 |       |       |       |       |       ||    12
       Cutlass           |       |       |       |       |       |       |       |   157 |   196 ||   353
       Falchion          |       |       |       |       |       |       |       |    32 |   396 ||   428
       Flail             |       |       |       |       |       |       |       |       |    65 ||    65
 Fire: Sling             |       |    46 |    54 |   208 |    50 |       |     7 |       |     6 ||   371
       Shortbow          |       |       |    29 |     9 |   495 |   671 |   755 |   576 |       ||  2535
Throw: Dart              |       |       |       |     3 |       |       |       |       |       ||     3
       Javelin           |       |       |       |       |       |       |       |       |     1 ||     1
 Cast: Magic Dart        |    42 |    12 |     5 |       |       |       |       |       |       ||    59
       Searing Ray       |     4 |    11 |    34 |    24 |       |       |       |       |       ||    73
       Stone Arrow       |       |       |    21 |    41 |    67 |    28 |    90 |    44 |       ||   291
       Sublimation of Bl |       |       |     4 |     7 |    11 |     8 |    28 |    24 |    24 ||   106
       Borgnjor's Vile C |       |       |       |    68 |   241 |   340 |   422 |   476 |   387 ||  1934
       Dispel Undead     |       |       |       |    10 |    10 |     4 |    27 |    87 |    99 ||   237
       Iron Shot         |       |       |       |       |       |     7 |       |     7 |    19 ||    33
       Necromutation     |       |       |       |       |       |       |       |     3 |    89 ||    92
       Shatter           |       |       |       |       |       |       |       |       |    80 ||    80
       Ozocubu's Armour  |       |       |       |       |       |       |       |       |    11 ||    11
Invok: Receive Forbidden |       |       |       |       |     1 |       |       |       |       ||     1
       Renounce Religion |       |       |       |       |     1 |       |       |       |       ||     1
       Potion Petition   |       |       |       |       |       |       |       |       |     6 ||     6
 Abil: Dig               |       |     1 |       |     4 |     2 |     9 |     2 |     1 |     7 ||    26
       Shaft Self        |       |       |       |       |       |       |     1 |       |       ||     1
       End Transformatio |       |       |       |       |       |       |       |       |    24 ||    24
Evoke: Condenser vane    |       |       |       |       |       |       |       |       |     3 ||     3
       Wand              |       |       |       |       |       |       |       |       |     1 ||     1
       Figurine of a zig |       |       |       |       |       |       |       |       |     1 ||     1
  Use: Scroll            |       |     3 |       |     7 |     5 |    14 |     4 |     7 |     7 ||    47
       Potion            |       |       |       |       |     2 |     6 |     3 |     2 |    19 ||    32
 Stab: Sleeping          |       |       |       |       |       |       |       |     1 |       ||     1
       Distracted        |       |       |       |       |       |       |       |       |     7 ||     7
Armor: Robe              |     8 |     1 |       |       |       |       |       |       |       ||     9
       Leather armour    |       |     4 |    40 |    18 |       |       |       |       |       ||    62
       Steam dragon scal |       |       |       |    13 |       |       |       |       |       ||    13
       Skin              |       |       |       |     1 |       |       |       |       |       ||     1
       Troll leather arm |       |       |       |    22 |    61 |   116 |   139 |   161 |   605 ||  1104
Dodge: Dodged            |    17 |    21 |    69 |    82 |   150 |   292 |   290 |   288 |   672 ||  1881
Block: Kite shield       |       |       |     2 |   135 |   192 |   330 |       |       |       ||   659
       Tower shield      |       |       |       |       |       |    43 |   686 |   780 |  1642 ||  3151
